cohdb
Replays
Latest Replays
All Replays
Popular Replays
Top Player Replays
Match Explorer
How It Works
Community
CoH3 Stats
Reddit
Sign in to upload your games and track your stats! →
Sign in with Steam
Match 43118835
Unlisted
Match 43118835
Overview
Messages
Build Orders
End
Construct Infanterie Kompanie
MG 42 Machine Gun Team
Grenadier Squad
Kettenkrad Recon Vehicle
Grenadier Squad
Grenadier Squad
Construct Luftwaffe Kompanie
Jäger Squad
Selects Italian Coastal Battlegroup
Selects Support Bunkers
Medical Bunker
Flak 30 Anti-aircraft Gun Team
iceman
BigDog
an interesting name
Profile
MR.Elpőehant
-=GX=-
0
0
Comments
sign in to comment!
No comments posted yet!